 Dungeon Crawl Stone Soup version bcrawl-1.12.2 (webtiles) character file.

Game seed: 17751260871640152733

1351 Ebbett the Shield-Bearer (level 8, -5/69 HPs)
             Began as a Gnoll Fighter on July 23, 2019.
             Was a Follower of Wu Jian.
             Killed by divine providence
             ... invoked by an orc priest
              (9 damage)
             ... on level 6 of the Dungeon.
             The game lasted 00:18:42 (3838 turns).

Ebbett the Shield-Bearer (Gnoll Fighter)            Turns: 3838, Time: 00:18:42

Health: -5/69      AC: 17    Str: 25    XL:     8   Next: 63%
Magic:  12/13      EV:  8    Int: 12    God:    Wu Jian [*.....]
Gold:   289        SH: 11    Dex: 14    Spells: 13/13 levels left

rFire    . . .     SeeInvis +   n - +0 rapier
rCold    . . .     Gourm    .   c - +0 shield
rNeg     . . .     Faith    .   l - +0 shadow dragon scales
rPois    .         Spirit   .   (no helmet)
rElec    .         Reflect  .   (no cloak)
rCorr    .         Harm     .   (no gloves)
MR       .....                  m - +0 pair of boots
Stlth    +++.......             (no amulet)
HPRegen  0.21/turn              h - ring of see invisible
MPRegen  0.13/turn              (no ring)

@: mighty
A: distributed training, fangs 1, rugged brown scales 1, sense surroundings 1,
strong nose
a: Wall Jump, Renounce Religion


You were on level 6 of the Dungeon.
You worshipped Wu Jian.
Wu Jian was aware of your devotion.
You were hungry.

You visited 1 branch of the dungeon, and saw 5 of its levels.

You collected 289 gold pieces.

Inventory:

Hand Weapons
 a - a +2 quarterstaff of chaos
 n - a +0 rapier (weapon)
Armour
 c - a +0 shield (worn)
 l - +0 shadow dragon scales (worn)
 m - a +0 pair of boots (worn)
Jewellery
 h - a ring of see invisible (left hand)
 i - an uncursed amulet of the acrobat {unknown}
Wands
 u - a wand of disintegration (16)
Scrolls
 j - 2 scrolls of enchant armour
Potions
 b - a potion of brilliance
 e - a potion of lignification
 k - 2 potions of cancellation
 o - a potion of mutation
Comestibles
 f - 5 rations {!d}
 g - a chunk of flesh


   Skills:
 + Level 7.4 Fighting
 + Level 3.3 Short Blades
 + Level 3.3 Long Blades
 + Level 3.3 Axes
 + Level 5.7 Maces & Flails
 + Level 3.3 Polearms
 + Level 3.3 Staves
 + Level 3.3 Slings
 + Level 3.3 Bows
 + Level 3.3 Crossbows
 + Level 3.3 Throwing
 + Level 7.4 Armour
 + Level 3.3 Dodging
 + Level 3.3 Stealth
 + Level 7.4 Shields
 + Level 3.3 Unarmed Combat
 + Level 3.3 Spellcasting
 + Level 2.7 Conjurations
 + Level 2.7 Hexes
 + Level 2.7 Charms
 + Level 2.7 Summonings
 + Level 2.7 Necromancy
 + Level 2.7 Translocations
 + Level 2.7 Transmutations
 + Level 2.7 Fire Magic
 + Level 2.7 Ice Magic
 + Level 2.7 Air Magic
 + Level 2.7 Earth Magic
 + Level 2.7 Poison Magic
 + Level 3.7 Invocations
 + Level 3.3 Evocations


You had 13 spell levels left.
You didn't know any spells.
Your spell library was empty.

Dungeon Overview and Level Annotations

Branches:
Dungeon (6/12)             Temple (0/1) D:6

Altars:
Gozag
Wu Jian


Innate Abilities, Weirdness & Mutations

Your experience applies equally to all skills.
You have very sharp teeth.
Your uncanny sense of smell can sniff out nearby items.
You are partially covered in rugged brown scales. (AC +1, +3% HP)
You passively map a small area around you.


Message History

* * * LOW HITPOINT WARNING * * *
You block the orc warrior's attack.
You hit the orc warrior. You bite the orc warrior.
The orc warrior is almost dead.
You puncture the orc warrior!
You kill the orc warrior!
The Council accepts your kill.
As you read the scroll labeled AWNIMEXIDGH, it crumbles to dust.
Wisps of shadow whirl around you...
It was a scroll of summoning.
You block the orc priest's attack.
You swap places.
The orc priest hits your sky beast with a +0 mace.
Your sky beast closely misses the orc priest.
You swap places.
The orc priest hits your sky beast with a +0 mace.
The bullfrog snags a nearby butterfly with its tongue.
Your sky beast hits the orc priest.
Your sky beast shocks the orc priest.
The orc priest invokes the aid of Beogh against you.
Beogh smites you!
You die...

, ,, #. #.# *,, , #.#
* * #.# , , * #.# ,*
#.# ,* * , #.# # * #.#
* ,, , ∆ * #.# #.###.#
, #.###### .....# , .
#......# #..######....
*, #......#
#.@.sYoFo.... #..##..#
##.######.....
...##..#######...####,
..!
....................+,
,, <
...###########...####
, #.## ##.## , , , ###
*.... , ** * , ..#.# *
, ..#.#*


You could see a bullfrog, an orc priest, an orc, a friendly sky beast and a
friendly scorpion.

Vanquished Creatures
  Sigmund (D:5)
  Eustachio (D:5)
  An orc warrior (D:6)
  2 phantoms (D:5)
  An ogre (D:5)
  A bullfrog (D:5)
  A scorpion (D:5)
  2 crimson imps
  2 centaur skeletons (D:5)
  Crazy Yiuf (D:5)
  2 orc priests (D:6)
  2 hounds (D:5)
  2 orc wizards (D:6)
  Terence (D:3)
  Natasha (D:2)
  An iguana (D:5)
  A worker ant (D:5)
  8 adders
  3 oozes
  3 worms
  2 dart slugs (D:1)
  5 leopard geckos
  9 orcs
  2 bats
  A giant cockroach (D:5)
  3 goblins
  4 hobgoblins
  8 jackals
  2 quokkas (D:6)
  A frilled lizard (D:3)
  3 kobolds (D:3)
  5 rats
  A bush (D:1)
  A plant (D:1)
84 creatures vanquished.

Notes
Turn   | Place    | Note
-------+----------+-------------------------------------------
     0 | D:1      | Ebbett the Gnoll Fighter began the quest for the Orb.
     0 | D:1      | Reached XP level 1. HP: 23/23 MP: 1/1
   100 | D:1      | Reached XP level 2. HP: 29/29 MP: 2/2
   471 | D:1      | Reached XP level 3. HP: 35/35 MP: 3/3
  1119 | D:2      | Reached skill level 1 in Invocations
  1137 | D:2      | Found a faded altar of an unknown god.
  1246 | D:2      | Found an ornate altar of the Wu Jian Council.
  1263 | D:2      | Became a worshipper of the Wu Jian Council
  1685 | D:3      | Reached skill level 1 in Short Blades
  1685 | D:3      | Reached skill level 1 in Long Blades
  1685 | D:3      | Reached skill level 1 in Axes
  1685 | D:3      | Reached skill level 1 in Polearms
  1685 | D:3      | Reached skill level 1 in Staves
  1685 | D:3      | Reached skill level 1 in Slings
  1685 | D:3      | Reached skill level 1 in Bows
  1685 | D:3      | Reached skill level 1 in Crossbows
  1685 | D:3      | Reached skill level 1 in Throwing
  1685 | D:3      | Reached skill level 1 in Dodging
  1685 | D:3      | Reached skill level 1 in Stealth
  1685 | D:3      | Reached skill level 1 in Unarmed Combat
  1685 | D:3      | Reached skill level 1 in Spellcasting
  1685 | D:3      | Reached skill level 1 in Evocations
  1685 | D:3      | Noticed Natasha
  1704 | D:2      | Killed Natasha
  1704 | D:2      | Reached XP level 4. HP: 34/41 MP: 5/5
  1798 | D:3      | Noticed Terence
  1812 | D:3      | Killed Terence
  1812 | D:3      | Reached skill level 1 in Conjurations
  1812 | D:3      | Reached skill level 1 in Hexes
  1812 | D:3      | Reached skill level 1 in Charms
  1812 | D:3      | Reached skill level 1 in Summonings
  1812 | D:3      | Reached skill level 1 in Necromancy
  1812 | D:3      | Reached skill level 1 in Translocations
  1812 | D:3      | Reached skill level 1 in Transmutations
  1812 | D:3      | Reached skill level 1 in Fire Magic
  1812 | D:3      | Reached skill level 1 in Ice Magic
  1812 | D:3      | Reached skill level 1 in Air Magic
  1812 | D:3      | Reached skill level 1 in Earth Magic
  1812 | D:3      | Reached skill level 1 in Poison Magic
  1835 | D:3      | Reached XP level 5. HP: 47/47 MP: 5/7
  2378 | D:3      | You fall into a shaft and drop 2 floors!
  2378 | D:5      | Entered Level 5 of the Dungeon
  2378 | D:5      | Noticed a phantom
  2404 | D:5      | Killed a phantom
  2404 | D:5      | Reached XP level 6. HP: 52/53 MP: 8/8
  2426 | D:5      | Reached skill level 5 in Maces & Flails
  2542 | D:5      | Reached XP level 7. HP: 29/59 MP: 10/10
  2575 | D:5      | Noticed Sigmund
  2586 | D:5      | Killed Sigmund
  2667 | D:5      | Found an opulent altar of Gozag.
  2772 | D:5      | Noticed Eustachio
  2807 | D:5      | Gained mutation: You passively map a small area around you.
                  | [potion of mutation]
  2807 | D:5      | Gained mutation: You are partially covered in rugged brown
                  | scales. (AC +1, +3% HP) [potion of mutation]
  2856 | D:5      | Found a runed door.
  2915 | D:5      | Reached * piety under Wu Jian
  2916 | D:5      | Reached XP level 8. HP: 68/69 MP: 12/12
  3065 | D:5      | Killed Eustachio
  3311 | D:5      | Noticed Crazy Yiuf
  3314 | D:5      | Killed Crazy Yiuf
  3602 | D:6      | Found a staircase to the Ecumenical Temple.
  3832 | D:6      | HP: 2/69 [orc priest/divine providence (12)]
  3838 | D:6      | Killed from afar by an orc priest

Skill      XL: |  1  2  3  4  5  6  7  8 |
---------------+-------------------------+-----
Invocations    | 1 2 3 |  3.7
Short Blades   | 1 2 3 |  3.3
Long Blades    | 1 2 3 |  3.3
Axes           | 1 2 3 |  3.3
Polearms       | 1 2 3 |  3.3
Staves         | 1 2 3 |  3.3
Slings         | 1 2 3 |  3.3
Bows           | 1 2 3 |  3.3
Crossbows      | 1 2 3 |  3.3
Throwing       | 1 2 3 |  3.3
Dodging        | 1 2 3 |  3.3
Stealth        | 1 2 3 |  3.3
Unarmed Combat | 1 2 3 |  3.3
Spellcasting   | 1 2 3 |  3.3
Evocations     | 1 2 3 |  3.3
Conjurations   | 1 2 |  2.7
Hexes          | 1 2 |  2.7
Charms         | 1 2 |  2.7
Summonings     | 1 2 |  2.7
Necromancy     | 1 2 |  2.7
Translocations | 1 2 |  2.7
Transmutations | 1 2 |  2.7
Fire Magic     | 1 2 |  2.7
Ice Magic      | 1 2 |  2.7
Air Magic      | 1 2 |  2.7
Earth Magic    | 1 2 |  2.7
Poison Magic   | 1 2 |  2.7
Maces & Flails | 5 |  5.7
Fighting       | 7 |  7.4
Armour         | 7 |  7.4
Shields        | 7 |  7.4

Action                   |  1- 3 |  4- 6 |  7- 9 || total
-------------------------+-------+-------+-------++-------
Melee: Flail             |   161 |    82 |   153 ||   396
       Bite              |    24 |    20 |    37 ||    81
       Rapier            |       |       |   157 ||   157
Invok: Lunge             |     4 |     6 |    17 ||    27
       Whirlwind         |       |    12 |    16 ||    28
  Use: Scroll            |     5 |     2 |     5 ||    12
       Potion            |     2 |     1 |     7 ||    10
 Stab: Sleeping          |       |       |     4 ||     4
  Eat: Chunk             |     3 |     3 |     4 ||    10
Armor: Scale mail        |    27 |       |       ||    27
       Chain mail        |     9 |     9 |       ||    18
       Shadow dragon sca |       |    21 |   215 ||   236
Dodge: Dodged            |    34 |    21 |    90 ||   145
Block: Shield            |    52 |    42 |   189 ||   283
